 Dungeon Crawl Stone Soup version 0.18.1-50-g88ac8fd (webtiles) character file.

573 magog001 the Magician (level 7, -2/42 HPs)
             Began as a High Elf Wizard on Aug 8, 2018.
             Killed by divine providence
             ... invoked by an orc priest
              (11 damage)
             ... on level 4 of the Dungeon.
             The game lasted 00:38:59 (4993 turns).

magog001 the Magician (High Elf Wizard)             Turns: 4993, Time: 00:38:59

Health: -2/42      AC:  5    Str:  6    XL:     7   Next: 12%
Magic:  11/16      EV: 14    Int: 23    God:
Gold:   248        SH:  0    Dex: 15    Spells: 5 memorised, 7 levels left

rFire  + . .     SeeInvis .     A - staff of summoning
rCold  . . .     Gourm    .     a - +0 robe
rNeg   . . .     Faith    .     (no shield)
rPois  .         Spirit   .     w - +1 helmet
rElec  .         Dismiss  .     (no cloak)
rCorr  .         Reflect  .     (no gloves)
SustAt .         Harm     .     b - +0 pair of boots
MR     .....                    (no amulet)
Stlth  ++........               (no ring)
                                l - ring of protection from fire

@: very slightly contaminated, not resistant to hostile enchantments, unstealthy
A: no striking features
a: no special abilities


You were on level 4 of the Dungeon.
You were not hungry.

You visited 1 branch of the dungeon, and saw 4 of its levels.

You collected 248 gold pieces.

Inventory:

Hand Weapons
 r - a +0 hunting sling
 y - a +2 vampiric short sword
Missiles
 h - 7 needles of confusion
 i - 118 stones (quivered)
 t - 10 tomahawks
Armour
 a - a +0 robe (worn)
 b - a +0 pair of boots (worn)
 w - a +1 helmet (worn)
Magical Staves
 A - an uncursed staff of summoning (weapon)
Jewellery
 l - a ring of protection from fire (left hand)
Scrolls
 e - a scroll of magic mapping {unknown}
 g - a scroll of recharging {unknown}
 j - a scroll of blinking {unknown}
 m - a scroll of identify
 o - a scroll of enchant armour {unknown}
 p - 3 scrolls of remove curse {unknown}
 q - a scroll of noise {unknown}
 x - 2 scrolls of enchant weapon {unknown}
Potions
 k - a potion of magic
 u - a potion of haste
 v - 2 potions of curing
Books
 c - a book of Minor Magic

   Spells                             Type                      Level
   a - Magic Dart                     Conjuration                  1
   b - Blink                          Translocation                2
   c - Call Imp                       Summoning                    2
   d - Repel Missiles                 Charms/Air                   2
   e - Slow                           Hexes                        2
   f - Conjure Flame                  Conjuration/Fire             3
   g - Mephitic Cloud                 Conjuration/Poison/Air       3
Comestibles
 d - 5 bread rations
 f - a beef jerky
 n - 6 chunks of flesh
 s - 7 fruits


   Skills:
 - Level 0.6 Fighting
 * Level 1.2 Slings
 * Level 4.1 Dodging
 * Level 3.5 Stealth
 * Level 5.9 Spellcasting
 * Level 4.6 Conjurations
 + Level 1.0 Summonings
 + Level 1.1 Translocations


You had 7 spell levels left.
You knew the following spells:

 Your Spells              Type           Power        Failure   Level  Hunger
a - Magic Dart            Conj           ####         1%          1    None
b - Call Imp              Summ           ###.....     10%         2    None
c - Repel Missiles        Chrm/Air       #.....       17%         2    None
d - Conjure Flame         Conj/Fire      ###.....     12%         3    #......
e - Blink                 Tloc           N/A          10%         2    None


Dungeon Overview and Level Annotations

Branches:
Dungeon (4/15)
 Temple: D:4-7

Altars:
Ashenzari
Elyvilon
Ru

Annotations:
D:3 Terence


Message History

You feel a surge of power!
You miscast Call Imp.
You are very lightly contaminated with residual magic.
Strange energies run through your body.
The orc priest mumbles some strange prayers to Beogh against you.
Beogh smites you! The orc priest closely misses you.
Your crimson imp hits the orc.
The orc hits your crimson imp but does no damage.
Your crimson imp blinks!
The orc misses you.
Your crimson imp blinks!
The orc priest mumbles some strange prayers to Beogh against you.
You struggle to resist.
The orc priest invokes the aid of Beogh against you.
You struggle to resist.
The orc priest invokes the aid of Beogh against you.
Beogh smites you!
* * * LOW HITPOINT WARNING * * *
The orc priest invokes the aid of Beogh against you.
Beogh smites you!
You die...

#.........$........
#...........?......
#................
#............?..
#.............#
#.....o.......# ######
#.......o.....+ ......
#.......o.....# #####
#......oo.@...#############
#.>....oo..................
#.............###########..
#.....<.......# #..
#.....5.......# ####..
#####....###### #.....
#.#### ########.#### #.
#............ #............


You could see 3 orc priests, 4 orcs and a friendly crimson imp.

Vanquished Creatures
  Grinder (D:3)
  A hound (D:4)
  2 orc wizards (D:4)
  2 orc priests (D:4)
  2 worker ants (D:4)
  Robin (D:3)
  A howler monkey skeleton (D:4)
  3 adders
  An ooze (D:1)
  An adder skeleton (D:4)
  2 worms
  A dart slug (D:1)
  3 giant geckos
  4 orcs
  6 giant cockroaches
  10 hobgoblins
  8 jackals
  A ball python (D:2)
  8 bats
  4 giant newts
  16 goblins
  10 kobolds
  A quokka skeleton (D:4)
  9 rats
98 creatures vanquished.

Vanquished Creatures (collateral kills)
  A howler monkey (D:4)
  An orc (D:4)
2 creatures vanquished.

Grand Total: 100 creatures vanquished

Notes
Turn   | Place    | Note
--------------------------------------------------------------
     0 | D:1      | magog001 the High Elf Wizard began the quest for the Orb.
     0 | D:1      | Reached XP level 1. HP: 11/11 MP: 6/6
   268 | D:1      | Reached XP level 2. HP: 13/18 MP: 1/7
   340 | D:1      | Reached skill level 4 in Spellcasting
   431 | D:1      | Learned a level 2 spell: Call Imp
   434 | D:1      | Learned a level 2 spell: Repel Missiles
   437 | D:1      | Found a shattered altar of Ashenzari.
   543 | D:1      | Reached skill level 1 in Summonings
  1060 | D:1      | Reached XP level 3. HP: 11/22 MP: 2/9
  1248 | D:1      | Learned a level 3 spell: Conjure Flame
  2132 | D:2      | Found a sacrificial altar of Ru.
  2715 | D:3      | Reached XP level 4. HP: 27/27 MP: 5/11
  2898 | D:3      | Noticed Robin
  3374 | D:3      | Noticed Terence
  3496 | D:3      | Noticed Grinder
  3745 | D:3      | Killed Robin
  3936 | D:3      | Learned a level 2 spell: Blink
  3981 | D:3      | Killed Grinder
  3981 | D:3      | Reached skill level 5 in Spellcasting
  3981 | D:3      | Reached XP level 5. HP: 29/32 MP: 6/13
  3981 | D:3      | Reached XP level 6. HP: 34/37 MP: 6/15
  4160 | D:4      | Found a white marble altar of Elyvilon.
  4372 | D:4      | Reached skill level 1 in Slings
  4671 | D:4      | Reached XP level 7. HP: 21/42 MP: 8/16
  4993 | D:4      | Killed from afar by an orc priest

Skill      XL: |  1  2  3  4  5  6  7 |
---------------+----------------------+-----
Spellcasting   | 4 5 |  5.9
Summonings     | 1 |  1.0
Conjurations   | 2 4 |  4.6
Dodging        | 3 4 |  4.1
Stealth        | 3 |  3.5
Slings         | 1 |  1.2
Fighting       | |  0.6
Translocations | |  1.1

Action                   |  1- 3 |  4- 6 |  7- 9 || total
-------------------------+-------+-------+-------++-------
Melee: Unarmed           |     3 |       |       ||     3
       Staff             |       |    10 |       ||    10
 Fire: Hunting sling     |       |     7 |       ||     7
Throw: Stone             |    20 |    17 |       ||    37
 Cast: Magic Dart        |   137 |   144 |    12 ||   293
       Call Imp          |     1 |     2 |     1 ||     4
       Conjure Flame     |     1 |     1 |       ||     2
       Blink             |       |     5 |     1 ||     6
  Use: Scroll            |       |     2 |     1 ||     3
       Potion            |       |     3 |       ||     3
  Eat: Chunk             |     5 |     4 |     2 ||    11
       Beef jerky        |       |     1 |       ||     1
Armor: Robe              |    16 |    32 |       ||    48
       Skin              |       |     4 |       ||     4
Dodge: Dodged            |    62 |    60 |     8 ||   130
